 Dungeon Crawl Stone Soup version 0.15.2 (webtiles) character file.

5445 Heini the Basher (level 10, 0/94 HPs)
             Began as a Minotaur Fighter on Feb 3, 2015.
             Was an Elder of Okawaru.
             Succumbed to a spiny frog's poison
             ... on Level 9 of the Dungeon.
             The game lasted 00:22:59 (7905 turns).

Heini the Basher (Minotaur Fighter)                 Turns: 7905, Time: 00:22:59

HP   0/94        AC 22     Str 25      XL: 10   Next: 41%
MP   4/4         EV  7     Int  5      God: Okawaru [****..]
Gold 421         SH  5     Dex  9      Spells:  0 memorised,  9 levels left

rFire  . . .     SeeInvis .     a - +0 flail
rCold  . . .     Clarity  +     c - +0 plate armour
rNeg   + . .     rCorr    .     I - +1 buckler {AC+3}
rPois  .         rRot     .     (helmet restricted)
rElec  .         Spirit   .     v - +0 cloak
SustAb .         Warding  .     B - +1 pair of gloves
rMut   .         Stasis   .     (no boots)
Gourm  .                        r - amulet of clarity
MR     .....                    L - ring of positive energy
                                g - +1 ring of protection

@: lethally poisoned, not resistant to hostile enchantments, extremely
unstealthy
A: retaliatory headbutt, horns 2
a: Heroism, Renounce Religion


You were on level 9 of the Dungeon.
You worshipped Okawaru.
Okawaru was greatly pleased with you.
You were not hungry.

You visited 3 branches of the dungeon, and saw 11 of its levels.

You collected 421 gold pieces.

Inventory:

Hand weapons
 a - a +0 flail (weapon)
Armour
 c - a +0 plate armour (worn)
 v - a +0 cloak (worn)
 B - a +1 pair of gloves (worn)
 I - a +1 buckler of protection (worn)
Magical devices
 h - a wand of slowing (10) {unknown}
 n - a wand of flame (16) {unknown}
 u - a wand of confusion (6) {unknown}
 C - a wand of random effects (7) {unknown}
 F - a wand of fire (10) {unknown}
 J - a wand of draining (8) {unknown}
 M - a wand of digging (10) {unknown}
Comestibles
 d - 5 bread rations
 f - 7 meat rations
 i - 2 royal jellies
 o - a rotting chunk of quokka flesh
 p - a beef jerky
 w - 2 slices of pizza
Scrolls
 k - 4 scrolls of magic mapping
 l - a scroll of fear
 y - 3 scrolls of remove curse
 D - 2 scrolls of fog
Jewellery
 g - a +1 ring of protection (left hand)
 q - an uncursed amulet of rage
 r - an amulet of clarity (around neck)
 z - an uncursed ring of ice {unknown}
 L - a ring of positive energy (right hand)
Potions
 e - 3 potions of might
 j - 2 potions of brilliance
 m - a potion of invisibility
 s - 4 potions of magic
 t - 2 potions of heal wounds
 x - a potion of curing
 A - a potion of berserk rage
 G - a potion of porridge
 H - a potion of haste


   Skills:
 * Level 10.5 Fighting
 * Level 12.0 Maces & Flails
 * Level 10.6 Armour
 - Level 3.6 Shields


You had 9 spell levels left.
You didn't know any spells.

Dungeon Overview and Level Annotations

Branches:
Dungeon (9/15)             Temple (1/1) D:5            Lair (1/8) D:9
    Orc: D:9-12

Altars:
Ashenzari
Cheibriados
Dithmenos
Elyvilon
Fedhas
Kikubaaqudgha
Makhleb
Nemelex Xobeh
Okawaru
Qazlal
Sif Muna
Trog
Vehumet
Xom
Yredelemnul
Zin
The Shining One

Shops:
D:9 }!

Annotations:
D:8 exclusion: statue


Innate Abilities, Weirdness & Mutations

You reflexively headbutt those who attack you in melee.
You have a pair of horns on your head.


Message History

The adder is moderately wounded.
* * * LOW HITPOINT WARNING * * *
You feel very sick. The adder bites you but does no damage.
Your plate armour prevents you from hitting the adder.
Your headbutt misses the adder.
The adder is moderately wounded.
* * * LOW HITPOINT WARNING * * *
You feel sick. The adder bites you but does no damage.
You smell something rotten. (slot o)
You hit the adder.
The adder is severely wounded.
* * * LOW HITPOINT WARNING * * *
You feel sick. The adder barely misses you.
You hit the adder.
You kill the adder!
Okawaru accepts your kill.
* * * LOW HITPOINT WARNING * * *
You feel very sick.
You die...

.#..#..#.....#.....#....#)..#'##.
('..#..#.....#.....#....#......#.
.#..#..#.....#.....#....#......#.
########+##..####..#'####..##..#.
#.....#...#.....#..........#...#.
#.....#...#.....#..........'...#.
#.....#...#.(...#..........#...#.
#.....#...#.....#....#.....######
#.....#.>.#.....@.>..#.....#....#
#.....#...#.....#....#.....#....#
#.....#...#.....######.....#....#
#.....'...'.....#....#.....#....#
#.....#...#.....#....#.....#...##
#.....#...#.....#....#.....#...#.
'.....#...#.....#....#.....'...#.
#.....#)..#.....#....#.....#...#.
#.....#...#.....#....#.....##'###


There were no monsters in sight!

Vanquished Creatures
  Joseph (D:7)
  A spiny frog (D:9)
  A deep elf mage (D:9)
  A two-headed ogre (D:8)
  2 hippogriffs
  2 wyverns (D:9)
  A hungry ghost (D:7)
  2 orc warriors
  2 water moccasins
  A sky beast (D:6)
  3 ice beasts
  3 black bears
  3 phantoms
  5 ogres
  A centaur (D:7)
  Sigmund (D:5)
  2 big kobolds (D:9)
  Blork the orc (D:8)
  3 giant frogs
  3 scorpions
  A hippogriff skeleton (D:9)
  5 wights
  A crimson imp (D:8)
  2 giant frog skeletons
  A jelly (D:5)
  An orc priest (D:4)
  5 hounds
  6 iguanas
  5 worker ants
  5 orc wizards
  5 green rats (Lair:1)
  An orc zombie (D:7)
  3 gnolls (D:6)
  3 giant mites
  15 adders
  3 shadow imps
  3 worms
  An adder zombie (D:8)
  An adder skeleton (D:4)
  2 orc skeletons
  3 giant geckos
  An ooze (D:2)
  32 orcs
  16 bats
  14 giant cockroaches
  13 hobgoblins
  19 kobolds
  8 quokkas
  3 ball pythons
  3 giant newts
  15 goblins
  A hobgoblin zombie (D:6)
  11 jackals
  A kobold skeleton (D:4)
  15 rats
  2 rat skeletons (D:7)
265 creatures vanquished.

Notes
Turn   | Place    | Note
--------------------------------------------------------------
     0 | D:1      | Heini, the Minotaur Fighter, began the quest for the Orb.
     0 | D:1      | Reached XP level 1. HP: 19/19 MP: 1/1
    52 | D:1      | Reached XP level 2. HP: 27/27 MP: 1/1
    98 | D:1      | Reached skill level 4 in Armour
   665 | D:2      | Reached XP level 3. HP: 26/33 MP: 2/2
  1272 | D:3      | Reached XP level 4. HP: 41/41 MP: 2/2
  1359 | D:3      | Reached skill level 5 in Armour
  1544 | D:3      | Found a basalt altar of Yredelemnul.
  1827 | D:3      | Reached XP level 5. HP: 43/47 MP: 2/2
  2078 | D:4      | Noticed a phantom
  2084 | D:4      | Reached skill level 5 in Fighting
  2096 | D:4      | Killed a phantom
  2097 | D:4      | Reached XP level 6. HP: 43/56 MP: 3/3
  2322 | D:4      | Reached skill level 5 in Maces & Flails
  2414 | D:4      | Reached skill level 6 in Armour
  2826 | D:5      | Entered Level 5 of the Dungeon
  2837 | D:5      | Found a staircase to the Ecumenical Temple.
  2867 | Temple   | Entered the Ecumenical Temple
  2942 | Temple   | Became a worshipper of Warmaster Okawaru
  3132 | D:5      | Reached XP level 7. HP: 63/63 MP: 3/3
  3234 | D:5      | Found a glowing silver altar of Zin.
  3374 | D:5      | Noticed Sigmund
  3386 | D:5      | Killed Sigmund
  3386 | D:5      | Acquired Okawaru's first power
  3484 | D:5      | Reached skill level 7 in Armour
  3828 | D:6      | Reached XP level 8. HP: 70/73 MP: 3/3
  4002 | D:6      | Found a radiant altar of Vehumet.
  4121 | D:6      | Found a sparkling altar of Nemelex Xobeh.
  4213 | D:6      | Reached skill level 8 in Maces & Flails
  4867 | D:7      | Reached skill level 9 in Maces & Flails
  4943 | D:7      | Reached XP level 9. HP: 53/82 MP: 4/4
  5021 | D:7      | Noticed Joseph
  5039 | D:7      | Killed Joseph
  5223 | D:7      | Reached skill level 10 in Maces & Flails
  5381 | D:7      | Found a burning altar of Makhleb.
  6173 | D:8      | Found a radiant altar of Vehumet.
  6259 | D:8      | Reached skill level 11 in Maces & Flails
  6279 | D:8      | Noticed Blork the orc
  6290 | D:8      | Killed Blork the orc
  6558 | D:9      | Reached skill level 10 in Armour
  6798 | D:9      | Reached XP level 10. HP: 90/93 MP: 4/4
  6843 | D:9      | Found Asogunio's Gadget Shoppe.
  6874 | D:9      | Reached skill level 10 in Fighting
  7165 | D:9      | Found Idaifonk's Distillery.
  7323 | D:9      | Identified a scroll of acquirement
  7445 | D:9      | Found a staircase to the Lair.
  7676 | Lair:1   | Entered Level 1 of the Lair of Beasts
  7898 | D:9      | Reached skill level 12 in Maces & Flails
  7904 | D:9      | HP: 2/94 [poisoned by a spiny frog]
  7905 | D:9      | Succumbed to a spiny frog's poison

Action                   |  1- 3 |  4- 6 |  7- 9 | 10-12 || total
-------------------------+-------+-------+-------+-------++-------
Melee: Flail             |   108 |   180 |   433 |   125 ||   846
  Use: Scroll            |     6 |     6 |     7 |     5 ||    24
       Potion            |       |       |       |     3 ||     3
  Eat: Chunk             |     1 |     5 |    15 |     3 ||    24
